 Dungeon Sprint DCSS version 0.28-a0-71-g84acfa7270 (webtiles) character file.

Game seed: 20326446902745755

48 Zeldest the Fighter (level 7, -8/63 HPs)
             Began as a Demonspawn Air Elementalist on Aug 2, 2021.
             Was a High Priest of Cheibriados.
             Mangled by a merfolk (22 damage)
             ... in the Dungeon (Sprint VI: "Thunderdome").
             The game lasted 00:05:06 (286 turns).

Zeldest the Fighter (Demonspawn Air Elementalist)    Turns: 286, Time: 00:05:07

Health: -8/63      AC:  5    Str: 22    XL:     7   Next: 26%
Magic:  9/11       EV: 13    Int: 32    God:    Cheibriados [*****.]
Gold:   100        SH:  0    Dex: 24    Spells: 9/10 levels left

rFire   + . .      SeeInvis .     - Unarmed
rCold   + . .      Faith    +   (no shield)
rNeg    . . .      Spirit   .   a - +0 robe
rPois   +          Reflect  .   (helmet restricted)
rElec   +          Harm     .   (no cloak)
rCorr   +          Rampage  .   (no gloves)
Will    .....      NoTele   +   (no boots)
Stlth   ++........              o - amulet "Ytsyrib" {Faith +Inv Int+4}
HPRegen 0.20/turn               m - ring "Namots" {Fly rElec rC+ Will- Str+6}
MPRegen 0.12/turn               n - ring of Vithripuch {rPois rF+ Will+ rCorr Str-5 Slay+3}

@: flying, very slow
A: horns 1, yellow scales 2, powered by death 1, spiny 1
a: Renounce Religion, Evoke Invisibility, Bend Time, Temporal Distortion,
Slouch, Step From Time


You were in the Dungeon.
You worshipped Cheibriados.
Cheibriados was extremely pleased with you.
You visited 1 branch You collected 280 gold pieces.
You spent 180 gold pieces at shops.

Inventory:

Armour
 a - a +0 robe (worn)
Jewellery
 l - the amulet of Imuhamn {Spirit Rampage rF+ Dex-4}
   (You bought it in a shop in the Dungeon)

   [amulet of guardian spirit]

   It causes incoming damage to be divided between your reserves of health and
   magic.
   Dex:       It affects your dexterity (-4).
   rF:        It protects you from fire.
   Rampage:   It bestows one free step when moving towards enemies.
   Cheibriados disapproves of the use of such an item.
 m - the ring "Namots" (left hand) {Fly rElec rC+ Will- Str+6}
   (You bought it in a shop in the Dungeon)

   [ring of strength]

   Str:       It affects your strength (+6).
   rC:        It protects you from cold.
   rElec:     It insulates you from electricity.
   Fly:       It grants you flight.
   Will:      It decreases your willpower.
 n - the ring of Vithripuch (right hand) {rPois rF+ Will+ rCorr Str-5 Slay+3}
   (You bought it in a shop in the Dungeon)

   [ring of willpower]

   Str:       It affects your strength (-5).
   Slay:      It affects your accuracy & damage with ranged weapons and melee
   (+3).
   rF:        It protects you from fire.
   rPois:     It protects you from poison.
   rCorr:     It protects you from acid and corrosion.
   Will:      It increases your willpower.
 o - the amulet "Ytsyrib" (around neck) {Faith +Inv Int+4}
   (You bought it in a shop in the Dungeon)

   [amulet of faith]

   It allows you to gain divine favour quickly.
   Int:       It affects your intelligence (+4).
   +Inv:      It lets you turn invisible.
Wands
 h - a wand of acid (4)
Scrolls
 g - 4 scrolls of blinking
 j - 3 scrolls of fog
Potions
 b - a potion of curing
 c - 2 potions of heal wounds
 d - 4 potions of haste
 e - 2 potions of magic
 f - a potion of berserk rage
 k - 2 potions of resistance


   Skills:
 + Level 8.7 Fighting
 - Level 1.7 Dodging
 - Level 1.7 Stealth
 + Level 8.0 Unarmed Combat
 - Level 2.0 Spellcasting
 - Level 1.0 Conjurations
 + Level 8.5 Air Magic
 + Level 5.9 Invocations


You had 9 spell levels left.
You knew the following spells:

 Your Spells              Type           Power      Damage    Failure   Level
a - Shock                 Conj/Air       100%       1d9       1%          1

Your spell library contained the following spells:

 Spells                   Type           Power      Damage    Failure   Level
 Static Discharge         Conj/Air       33%        N/A       1%          2
 Swiftness                Air            55%        N/A       1%          3
 Airstrike                Air            27%        N/A       1%          4


Dungeon Overview and Level Annotations

Branches:
Dungeon (1/1)

Altars:
Cheibriados
Dithmenos
Fedhas
Gozag
Kikubaaqudgha
Makhleb
Okawaru
Qazlal
Ru
Sif Muna
Trog
Uskayaw
Vehumet
Wu Jian
Xom
Yredelemnul
Zin
The Shining One
Beogh
Jiyva
Lugonu

Shops:
D *[??*?*:[((!!!!


Innate Abilities, Weirdness & Mutations

You have a pair of small horns on your head.
You are mostly covered in yellow scales. (AC +3)
You regenerate a little health from kills.
You are partially covered in sharp spines.


Message History

Aim: a merfolk siren, wielding a +0 trident (severely wounded, mesmerising)
The mass of ice explodes!
The iceblast engulfs the merfolk siren!!
You break out of your daze!
You kill the merfolk siren!
Cheibriados thoroughly appreciates the change of pace.
You can now step out of the flow of time.
Cheibriados raises the support of your attributes as your movement slows.
The iceblast engulfs the merfolk!
The merfolk is heavily wounded.
The now-empty wand crumbles to dust.
The merfolk throws a boomerang.
The boomerang hits you!
Your Fighting skill increases to level 8!
Your Unarmed Combat skill gained 2 levels and is now at level 8!
Your Air Magic skill increases to level 8!
Your Invocations skill gained 5 levels and is now at level 5!
You have reached level 7!
Your demonic ancestry asserts itself...
A pair of horns grows on your head! The merfolk is struck by your spines.
The merfolk hits you with a +4 trident!!
* * * LOW HITPOINT WARNING * * *
Okay, then.
You feel much better. The merfolk barely misses you.
You closely miss the merfolk.
The merfolk is heavily wounded.
The merfolk is struck by your spines. The merfolk closely misses you.
You hit the merfolk. Your headbutt misses the merfolk.
The merfolk is severely wounded.
The merfolk is struck by your spines. The merfolk hits you with a +4 trident!
You hit the merfolk. Your headbutt misses the merfolk.
The merfolk is severely wounded.
The merfolk hits you with a +4 trident!
* * * LOW HITPOINT WARNING * * *
You feel much better. The merfolk hits you with a +4 trident!
* * * LOW HITPOINT WARNING * * *
You miss the merfolk.
The merfolk is severely wounded.
The merfolk hits you with a +4 trident!!
You die...

#_....... #_.......
#_.......
###........
#⌠.........
######.8........
##.___......###..
###∩........8.# #.8
##)@...........###..
#⌠m......[..###...##
#⌠..........# #.<.#
#⌠..........###...##
##.............###[.
###∩........8.# #.8
##∩___......###..
######.8........
#⌠.........


You could see a merfolk.

Vanquished Creatures
  A merfolk siren (D)
  Sigmund (D)
  Purgy (D)
  Terence (D)
  A river rat (D)
  An adder (D)
  A quokka (D)
  A frilled lizard (D)
  3 rats (D)
11 creatures vanquished.

Notes
Turn   | Place    | Note
-------+----------+-------------------------------------------
     0 | D        | Zeldest the Demonspawn Air Elementalist began the quest for
                  | the Orb.
     0 | D        | Reached XP level 1. HP: 13/13 MP: 3/3
     1 | D        | Found a snail-covered altar of Cheibriados.
     1 | D        | Found a bloodstained altar of Trog.
     2 | D        | Found a basalt altar of Yredelemnul.
     2 | D        | Found a viscous altar of Jiyva.
     3 | D        | Found a blossoming altar of Fedhas.
     3 | D        | Found an ornate altar of the Wu Jian Council.
     4 | D        | Found Fahuat's Identification Station.
     4 | D        | Found a shadowy altar of Dithmenos.
     4 | D        | Found a shimmering altar of Xom.
     5 | D        | Found Hiat's Advanced Armour.
     5 | D        | Found Cusku's Jewellery.
     5 | D        | Round 1.
     9 | D        | Became a worshipper of Cheibriados the Contemplative
    20 | D        | Bought a brightly glowing ruby amulet for 45 gold pieces
    20 | D        | Identified the amulet of Imuhamn {Spirit Rampage rF+ Dex-4}
                  | (You bought it in a shop in the Dungeon)
    20 | D        | Bought a transparent bone ring for 45 gold pieces
    20 | D        | Identified the ring "Namots" {Fly rElec rC+ Will- Str+6}
                  | (You bought it in a shop in the Dungeon)
    20 | D        | Bought a brightly glowing bronze ring for 45 gold pieces
    20 | D        | Identified the ring of Vithripuch {rPois rF+ Will+ rCorr
                  | Str-5 Slay+3} (You bought it in a shop in the Dungeon)
    32 | D        | Bought an ancient graven amulet for 45 gold pieces
    32 | D        | Identified the amulet "Ytsyrib" {Faith +Inv Int+4} (You
                  | bought it in a shop in the Dungeon)
    38 | D        | Found an ancient bone altar of Kikubaaqudgha.
    38 | D        | Noticed Sigmund
    43 | D        | Killed Sigmund
    44 | D        | Reached skill level 5 in Fighting
    44 | D        | Reached skill level 5 in Unarmed Combat
    44 | D        | Gained mutation: You regenerate a little health from kills.
                  | [demonic ancestry]
    44 | D        | Reached XP level 2. HP: 28/28 MP: 0/5
    44 | D        | Gained mutation: You are partially covered in yellow
                  | scales. (AC +2) [demonic ancestry]
    44 | D        | Reached XP level 3. HP: 34/34 MP: 0/6
    44 | D        | Gained mutation: You are mostly covered in yellow scales.
                  | (AC +3) [demonic ancestry]
    44 | D        | Reached XP level 4. HP: 40/40 MP: 0/7
    44 | D        | Gained mutation: You are partially covered in sharp spines.
                  | [demonic ancestry]
    44 | D        | Reached XP level 5. HP: 46/46 MP: 0/8
    47 | D        | Found a sacrificial altar of Ru.
    48 | D        | Found a stormy altar of Qazlal.
    49 | D        | Found Bum Baen's Magic Scroll Shop.
    65 | D        | Reached * piety under Cheibriados
    68 | D        | Found a shimmering blue altar of Sif Muna.
    68 | D        | Found a hide-covered altar of Uskayaw.
    68 | D        | Found Huumuam's Staff Store.
    68 | D        | Found Onorghui's Magic Scroll Shop.
    68 | D        | Found Ragryos's Must-Have Magic.
    89 | D        | Found a burning altar of Makhleb.
    94 | D        | Found a radiant altar of Vehumet.
    95 | D        | Found an iron altar of Okawaru.
    96 | D        | Found a corrupted altar of Lugonu.
    96 | D        | Noticed Terence
    97 | D        | Found Tuhidghoy's Do-It-Yourself Clinic.
    97 | D        | Found Dotuatti's Distillery.
   106 | D        | Killed Terence
   106 | D        | Reached ** piety under Cheibriados
   109 | D        | Arena points: 12 (+12) [x2]
   116 | D        | Found Xulla's Bottled Wisdom.
   116 | D        | Found Amega's Distillery.
   130 | D        | Found an opulent altar of Gozag.
   131 | D        | Found Gagopump's Weapon Rack.
   132 | D        | Found Korum's Premium Goods.
   132 | D        | Found Daelyg's Basic Armour.
   132 | D        | Found Quofiesao's Miscellaneous Merchandise.
   142 | D        | Round 2.
   169 | D        | Noticed Purgy
   182 | D        | Killed Purgy
   182 | D        | Reached *** piety under Cheibriados
   183 | D        | Reached XP level 6. HP: 23/55 MP: 9/9
   207 | D        | Reached **** piety under Cheibriados
   262 | D        | Arena points: 48 (+36) [x3]
   275 | D        | Round 3.
   276 | D        | Noticed a merfolk siren
   276 | D        | Noticed a merfolk
   279 | D        | Killed a merfolk siren
   279 | D        | Reached ***** piety under Cheibriados
   280 | D        | Reached skill level 5 in Invocations
   280 | D        | Gained mutation: You have a pair of small horns on your
                  | head. [demonic ancestry]
   280 | D        | Reached XP level 7. HP: 26/63 MP: 9/11
   286 | D        | Mangled by a merfolk

Illustrated notes

Levels and vault maps discovered:
D:        arena_sprint

Skill      XL: |  1  2  3  4  5  6 |
---------------+-------------------+-----
Fighting       | 5 7 8 |  8.7
Unarmed Combat | 5 6 8 |  8.0
Air Magic      | 6 7 8 |  8.5
Invocations    | 5 |  5.9
Dodging        | |  1.7
Stealth        | |  1.7
Spellcasting   | |  2.0
Conjurations   | |  1.0

Action                   |  1- 3 |  4- 6 |  7- 9 || total
-------------------------+-------+-------+-------++-------
Melee: Unarmed           |       |    23 |     4 ||    27
 Cast: Shock             |     3 |     2 |       ||     5
Evoke: Wand              |     2 |     4 |       ||     6
  Use: Potion            |       |       |     2 ||     2
 Stab: Distracted        |       |     1 |       ||     1
Armor: Robe              |       |    12 |       ||    12
Dodge: Dodged            |       |    14 |     2 ||    16

Table legend: (Time is in decaauts)
 A = Elapsed time spent in this place.
 B = Non-inter-level travel time spent in this place.
 C = Inter-level travel time spent in this place.
 D = Time resting spent in this place.
 E = Time spent auto-exploring this place.
 F = Levels seen in this place.
 G = Mean time per level.
                   A        B        C        D        E       F      G
               +--------+--------+--------+--------+--------+-----+--------+
         Total |    371 |    371 |      0 |     38 |      5 |   1 |  371.0 |
       Dungeon |    371 |    371 |      0 |     38 |      5 |   1 |  371.0 |
               +--------+--------+--------+--------+--------+-----+--------+

Top non-repeatable levels by time:
       D: 371 daAuts
